Map: Kairos Junction LE

Players

DarwinAwdWnr

  • Race: Zerg Zerg
  • League: Gold
  • Spawn Location: 11:00

KLUVERBUCY - Winner!

  • Race: Zerg Zerg
  • League: Platinum
  • Spawn Location: 5:00

VOD

Have the link to the VOD?

Description

Time

  • Played on: June 23, 2019, 6:05 p.m.
  • Length: 8:55
Show
View Real Time Build Order
Export as new Build Order

DarwinAwdWnr Zerg 

Build Orders: 1 Base Baneling Bust, Pool First, Zergling Baneling 

Get SALT Encoding   

  12  0:01  Drone  
  13  0:15  Extractor  
  13  0:16  Drone  
  13  0:31  Spawning Pool  
  12  0:40  Drone x2  
  14  0:47  Overlord  
  14  1:21  Zergling x6  
  14  1:22  Baneling Nest  
  16  1:32  Zergling x2  
  17  1:39  Queen  
  19  2:12  Baneling x6  
  19  2:16  Zergling x2  
  19  2:17  Zergling x4  
  21  2:49  Zergling x6  
  21  2:59  Hatchery  
  20  3:10  Zergling x2  
  19  3:23  Baneling x2  
  19  3:28  Zergling x4  
  21  3:35  Drone  
  21  3:36  Overlord  
  18  4:00  Drone x3  
  21  4:10  Drone x3  
  23  4:20  Metabolic Boost  
  22  4:28  Drone x2  
  24  4:39  Baneling x2  
  24  4:42  Queen  
  26  4:50  Zergling x6  
  29  4:55  Zergling x2  
  28  5:28  Drone  
  28  5:29  Drone x8  
  36  5:39  Lair  
  36  5:44  Roach Warren  
  35  5:57  Zergling x2  
  36  5:58  Overlord x2  
  36  6:21  Extractor  
  19  6:36  Zergling x20  
  27  6:41  Queen x2  
  27  6:46  Glial Reconstitution  
  31  6:50  Roach x2  
  31  7:34  Roach x5  
  31  7:35  Roach x2  
  39  7:52  Roach  
  39  7:53  Roach x2  
  45  8:09  Roach x3  
  51  8:18  Zergling x2  
  51  8:19  Overlord  
Show
View Real Time Build Order
Export as new Build Order

KLUVERBUCY Zerg - Winner!

Build Orders: Hatch First 

Get SALT Encoding   

  12  0:01  Drone  
  13  0:12  Overlord  
  13  0:17  Drone  
  14  0:31  Drone x2  
  14  0:34  Drone  
  17  0:53  Hatchery  
  16  0:58  Drone x2  
  16  1:01  Extractor  
  17  1:17  Drone  
  17  1:18  Spawning Pool  
  17  1:21  Drone  
  18  1:30  Drone  
  19  1:40  Overlord  
  19  1:57  Drone  
  20  2:06  Metabolic Boost  
  20  2:09  Queen  
  20  2:10  Queen  
  24  2:15  Drone x2  
  24  2:16  Drone  
  27  2:28  Baneling Nest  
  27  2:30  Drone x3  
  17  2:55  Zergling x10  
  20  3:14  Drone x3  
  21  3:25  Baneling x2  
  21  3:32  Queen  
  20  3:52  Drone x4  
  20  3:53  Drone  
  24  4:06  Drone x3  
  27  4:11  Zergling x2  
  27  4:12  Zergling x2  
  27  4:17  Zergling x2  
  29  4:26  Zergling x6  
  32  4:35  Drone x2  
  34  4:50  Drone x2  
  34  4:52  Overlord x2  
  36  4:53  Overlord  
  36  5:04  Baneling  
  36  5:05  Baneling  
  36  5:13  Drone x5  
  39  5:32  Zergling x8  
  43  5:42  Drone x6  
  49  5:48  Extractor  
  48  5:53  Baneling x5  
  48  5:54  Roach Warren  
  45  6:31  Zergling x4  
  45  6:32  Zergling x8  
  50  6:33  Drone x4  
  50  6:52  Hatchery  
  49  6:56  Baneling x3  
  49  6:57  Zergling x6  
  52  7:07  Zergling x4  
  50  7:43  Zergling x4  
  50  7:44  Zergling x6  
  53  7:55  Lair  
  53  8:06  Extractor  
  53  8:07  Queen  
  53  8:08  Extractor  
  53  8:20  Spine Crawler  
  53  8:22  Spine Crawler  
  53  8:23  Spine Crawler  
  53  8:25  Roach x7  
  62  8:34  Zergling x8  
  62  8:35  Zergling x4  
Tags
 
Add a new tag
Caveats
  • Supply blocks, unpowered buildings, or Contaminate may cause inaccurate times.
  • Supply counts are checked every 10 seconds.